 Dungeon Crawl Stone Soup version 0.18-a0-1687-gc97eaad (webtiles) character file.

61 puppykicker the Chopper (level 4, 0/55 HPs)
             Began as a Hill Orc Gladiator on Mar 14, 2016.
             Slain by an adder (3 damage)
             ... on level 2 of the Dungeon.
             The game lasted 00:02:58 (1365 turns).

puppykicker the Chopper (Hill Orc Gladiator)        Turns: 1365, Time: 00:02:59

Health: 0/55       AC: 22    Str: 17    XL:     4   Next: 7%
Magic:  4/4        EV:  2    Int:  9    God:
Gold:   102        SH:  0    Dex: 11    Spells: 0 memorised, 3 levels left

rFire  . . .     SeeInvis .     a - +0 war axe
rCold  . . .     Gourm    .     (armour currently unavailable)
rNeg   + + +     Faith    .     (no shield)
rPois  +         Spirit   .     (helmet currently unavailable)
rElec  .         Dismiss  .     (cloak currently unavailable)
rCorr  .         Reflect  .     (gloves currently unavailable)
SustAt .         Harm     .     (boots currently unavailable)
MR     .....     NoTele   +     b - amulet of inaccuracy (curse)
Stlth  +.........               (no ring)
                                (no ring)

@: tree-form, not resistant to hostile enchantments, very unstealthy
A: no striking features
a: no special abilities


You were on level 2 of the Dungeon.
You were hungry.
You were a tree.
You visited 1 branch of the dungeon, and saw 2 of its levels.

You collected 102 gold pieces.


   Skills:
 + Level 2.8 Fighting
 * Level 5.2 Axes
 - Level 1.7 Throwing
 + Level 1.3 Armour
 - Level 2.8 Dodging


You had 3 spell levels left.
You didn't know any spells.

Inventory:

Hand Weapons
 a - a +0 war axe (weapon)
Missiles
 d - 2 throwing nets (quivered)
 e - 19 bolts
 l - 14 poisoned needles
Armour
 c - a +0 helmet (melded)
 h - a +0 scale mail (melded)
Jewellery
 b - a cursed amulet of inaccuracy (around neck)
Scrolls
 o - 2 scrolls of teleportation
Potions
 i - a potion of cancellation
 j - a potion of brilliance
Comestibles
 f - 2 bread rations
 k - 2 chunks of flesh {@w1}
 m - a meat ration
 n - a beef jerky

Dungeon Overview and Level Annotations

Branches:
Dungeon (2/15)

Altars:

.......#.....#.......######......
.........,,,,,*,*,*,** #..#....
......##..,,*,,,,,,,######.##....
.....##,...*,,*,,,,*#......##....
######,,..#,,,,,,,###...####...##
*,,....,,*,,##.......##.#.##
*,,.....,,,##.#.........#...
*,,......###.######........#
**,,......bS♣.#***##.........
*,,,.......###...##..........
*,,,.......,*,..............#
****,,,.......,,,..........###.#
*,,,,,,.......,,,..........###..
*,,,,,,.......,,,...............
*,,,,,,.......,*,.........#####.
*,,,,,,.......***,,,##...#* #..
*,,,,,,,,,,,,** *****####* #..


You could see an adder and a bat.


Message History

The adder bites you but does no damage. x2
You miss the adder.
The adder is moderately wounded.
You feel sick.
You are no longer poisoned.
The adder barely misses you.
You closely miss the adder.
The adder is moderately wounded.
The adder bites you but does no damage. x2
You closely miss the adder.
The adder is moderately wounded.
The adder bites you.
* * * LOW HITPOINT WARNING * * *
The adder bites you but does no damage.
You miss the adder.
The adder is moderately wounded.
The adder bites you but does no damage.
You barely miss the adder.
The adder is moderately wounded.
The adder bites you but does no damage. x2
You barely miss the adder.
The adder is moderately wounded.
The adder bites you but does no damage.
You closely miss the adder.
The adder is moderately wounded.
The adder completely misses you. The adder bites you but does no damage.
You miss the adder.
The adder is moderately wounded.
The adder bites you but does no damage. The adder bites you.
You die...

Action                   |  1- 3 |  4- 6 || total
-------------------------+-------+-------++-------
Melee: War axe           |    63 |    50 ||   113
Throw: Throwing net      |     2 |       ||     2
  Use: Scroll            |     4 |     2 ||     6
       Potion            |       |     1 ||     1
 Stab: Held in net/web   |     1 |       ||     1
  Eat: Chunk             |     1 |       ||     1

Vault maps used:
D:1:      tarquinn_simple_flora_water_e
D:2:      hangedman_decor_opposing, uniq_terence

Notes
Turn   | Place    | Note
--------------------------------------------------------------
     0 | D:1      | puppykicker the Hill Orc Gladiator began the quest for the Orb.
     0 | D:1      | Reached XP level 1. HP: 18/18 MP: 1/1
   133 | D:1      | Reached XP level 2. HP: 25/25 MP: 2/2
   876 | D:2      | Reached XP level 3. HP: 21/30 MP: 3/3
  1180 | D:2      | Noticed Terence
  1193 | D:2      | Killed Terence
  1193 | D:2      | Reached skill level 5 in Axes
  1193 | D:2      | Reached skill level 1 in Armour
  1245 | D:2      | Reached XP level 4. HP: 37/37 MP: 4/4
  1355 | D:2      | HP: 5/55 [poisoned by an adder]
  1360 | D:2      | HP: 2/55 [adder (3)]
  1365 | D:2      | Slain by an adder

Vanquished Creatures
  Terence (D:2)
  An adder (D:2)
  2 dart slugs
  2 giant geckos
  3 giant cockroaches (D:1)
  A goblin (D:1)
  2 hobgoblins (D:1)
  7 bats
  2 giant newts
  A kobold (D:2)
  A rat (D:1)
23 creatures vanquished.
